 Dungeon Crawl Stone Soup version 0.29.0-5-ge4962eb29e (webtiles) character file.

Game seed: 15163385382403808519

838 keekatzer the Trooper (level 7, -8/56 HPs)
             Began as a Mummy Fighter on Aug 30, 2022.
             Mangled by an ogre
             ... wielding a +0 giant club
              (24 damage)
             ... on level 5 of the Dungeon.
             The game lasted 00:20:25 (4134 turns).

keekatzer the Trooper (Mummy Fighter)               Turns: 4134, Time: 00:20:26

Health: -8/56      AC: 17    Str: 19    XL:     7   Next: 67%
Magic:  7/7        EV:  4    Int:  8    God:
Gold:   214        SH:  9    Dex: 13    Spells: 6/6 levels left

rFire   x . .      SeeInvis .   q - +1 war axe (venom)
rCold   + . .      Faith    .   f - +0 kite shield
rNeg    + + +      Spirit   .   y - +0 plate armour
rPois   ∞          Reflect  .   n - +0 helmet
rElec   .          Harm     .   x - +0 cloak {Stlth+}
rCorr   .          Rampage  .   g - +0 pair of gloves
Will    .....                   z - +0 pair of boots
Stlth   ..........              (no amulet)
HPRegen 0.18/turn               (no ring)
MPRegen 0.10/turn               (no ring)

@: no status effects
A: cold resistance 1, negative energy resistance 3, torment resistance 2, heat
vulnerability 1, in touch with death 1, no potions
a: no special abilities


You were on level 5 of the Dungeon.
You visited 1 branch of the dungeon, and saw 5 of its levels.

You collected 214 gold pieces.

Inventory:

Hand Weapons
 a - a +0 trident
 d - a +0 spear
 p - a +0 halberd
 q - a +1 war axe of venom (weapon)
Armour
 c - a +0 buckler
 f - a +0 kite shield (worn)
 g - a +0 pair of gloves (worn)
 n - a +0 helmet (worn)
 s - the +1 robe of Precision Catastrophes {rElec Archmagi}
   (You found it on level 3 of the Dungeon)

   rElec:     It insulates you from electricity.
   Archmagi:  It increases the power of your magical spells.
 w - a +2 leather armour of fire resistance
 x - a +0 cloak of stealth (worn)
 y - a +0 plate armour (worn)
 z - a +0 pair of boots (worn)
Wands
 v - a wand of iceblast (4)
Scrolls
 b - a scroll of blinking {unknown}
 e - a scroll of noise {unknown}
 h - 3 scrolls of amnesia {unknown}
 i - 4 scrolls of teleportation {unknown}
 j - 6 scrolls of identify {unknown}
 k - a scroll of magic mapping {unknown}
 l - a scroll of enchant weapon {unknown}
 m - 2 scrolls of vulnerability {unknown}
 o - 2 scrolls of immolation {unknown}
 r - 2 scrolls of butterflies {unknown}
 t - 2 scrolls of enchant armour {unknown}
 u - a scroll of acquirement {unknown}


   Skills:
 + Level 5.3 Fighting
 - Level 1.5 Polearms
 + Level 5.0 Armour
 + Level 1.9 Dodging
 + Level 4.4 Shields


You had 6 spell levels left.
You didn't know any spells.
Your spell library contained the following spells:

 Spells                   Type           Power      Damage    Failure   Level
 Conjure Flame            Conj/Fire      0%         6-21      100%        3
 Ignite Poison            Fire/Tmut/Pois 0%         N/A       100%        3
 Sticky Flame             Conj/Fire      0%         2d3       100%        4


Dungeon Overview and Level Annotations

Branches:
Dungeon (5/15)
 Temple: D:4-7

Altars:
Trog
Uskayaw
Vehumet
Xom

Shops:
D:4 *

Annotations:
D:5 1 transporter


Innate Abilities, Weirdness & Mutations

You are immune to poison.
Your flesh is cold resistant. (rC+)
You are immune to negative energy. (rN+++)
You are immune to unholy pain and torment.
You are vulnerable to heat. (rF-)
You are in touch with the powers of death.
You do not drink.


Message History

You open the door.
There is an open door here.
Found a stone staircase leading down.
Found a stone staircase leading up.
Found a scroll labelled KOPHA NOXOT.
i - 4 scrolls labelled KOPHA NOXOT (gained 1)
Found a quarterstaff and a scroll labelled WUPUQ ACIKLEBA.
Found a radiant altar of Vehumet.
u - a scroll labelled WUPUQ ACIKLEBA
Found 12 gold pieces.
You now have 214 gold pieces (gained 12).
Found a pair of boots.
You see here a +0 pair of boots.
z - a +0 pair of boots You start putting on your armour.
You continue putting on your +0 pair of boots. x4
You finish putting on your +0 pair of boots.
A dart slug comes into view.
An ogre comes into view. It is wielding a +0 giant club.
Found a stone staircase leading down.
You barely miss the ogre.
The ogre hits you with a +0 giant club!!
You hit the ogre.
The ogre is poisoned.
The ogre is lightly wounded.
You block the ogre's attack.
You slash the ogre!
The ogre looks as sick as possible!
The ogre is heavily wounded.
You slash the dart slug! The ogre barely misses you.
The dart slug bites you but does no damage.
You barely miss the ogre.
The ogre is heavily wounded.
You hit the dart slug.
You kill the dart slug!
The ogre hits you with a +0 giant club!!
* * * LOW HITPOINT WARNING * * *
Your Armour skill increases to level 5!
You closely miss the ogre.
The ogre is severely wounded.
The ogre hits you with a +0 giant club!!
You die...

........##.........#...........
#..................###.##.##....
#...................##.##.......
..........#.......##..........)..
.########.##..###......##.#......
......##........ ##.....
⌠..#..#.................
....#......≈≈≈≈≈≈≈≈≈≈≈...
≈..#...#@..≈≈≈≈≈≈≈≈≈≈≈...
##..#O..≈≈#####.[..... ...
....≈≈#...#.###.©. ...
.....≈≈#... ..........≈≈###. .
.......≈≈.8# >.......≈≈.##
.........~~.#


You could see an ogre (very poisoned).

Vanquished Creatures
  2 black bears (D:5)
  An ogre (D:5)
  A phantom (D:5)
  2 necrophages
  A howler monkey (D:5)
  2 jellies
  An orc priest (D:3)
  2 iguanas (D:5)
  Ijyb (D:4)
  3 adders
  4 gnolls (D:2)
  A white imp (D:5)
  An ufetubus (D:4)
  2 worms
  4 dart slugs
  9 orcs
  4 ball pythons
  4 bats
  9 endoplasms
  A giant cockroach (D:3)
  7 goblins
  6 hobgoblins
  4 quokkas
  2 frilled lizards
  10 kobolds
  7 rats
91 creatures vanquished.

Vanquished Creatures (others)
  5 plants (D:5)
5 creatures vanquished.

Grand Total: 96 creatures vanquished

Notes
Turn   | Place    | Note
-------+----------+-------------------------------------------
     0 | D:1      | keekatzer the Mummy Fighter began the quest for the Orb.
     0 | D:1      | Reached XP level 1. HP: 18/18 MP: 1/1
   183 | D:1      | Reached XP level 2. HP: 24/24 MP: 2/2
   288 | D:1      | Found a faded altar of an unknown god.
   796 | D:2      | Gained mutation: You are in touch with the powers of death.
                  | [Mummy growth]
   796 | D:2      | Reached XP level 3. HP: 23/29 MP: 3/3
  1327 | D:2      | Reached XP level 4. HP: 23/35 MP: 4/4
  1878 | D:3      | Reached XP level 5. HP: 18/42 MP: 5/5
  2446 | D:3      | Identified the +1 robe of Precision Catastrophes {rElec
                  | Archmagi}
  2538 | D:3      | Found a shimmering altar of Xom.
  2553 | D:3      | Found a hide-covered altar of Uskayaw.
  2657 | D:4      | Noticed Ijyb
  2663 | D:4      | Killed Ijyb
  2664 | D:4      | Reached skill level 1 in Dodging
  2764 | D:4      | Found Peuvayri's Elemental Accessories.
  3441 | D:4      | Reached XP level 6. HP: 45/49 MP: 6/6
  3530 | D:5      | Entered Level 5 of the Dungeon
  3761 | D:5      | Reached XP level 7. HP: 48/55 MP: 7/7
  3778 | D:5      | Reached skill level 5 in Fighting
  3967 | D:5      | Found a transporter.
  3986 | D:5      | Identified the +1 ring mail of Awe {Int+6}
  4018 | D:5      | Found a bloodstained altar of Trog.
  4062 | D:5      | Found a radiant altar of Vehumet.
  4134 | D:5      | Reached skill level 5 in Armour
  4134 | D:5      | Mangled by an ogre

Illustrated notes

Levels and vault maps discovered:
D:1:      minmay_arrival_cross, layout_loops_corners,
          ebering_ecumenical_altar_hall
D:2:      layout_loops_corners, nicolae_concentric_dashed_squares_mild
D:3:      minmay_general_purpose_star, layout_basic, nicolae_overflow_squiral
D:4:      kennysheep_spiral_hall, layout_basic, chequers_garden,
          nicolae_elemental_shop, uniq_ijyb
D:5:      layout_cave_pools, kennysheep_little_box, nicolae_vehumet_radiance,
          kiku_gazebo_pond_becter, gammafunk_ghost_gnarly_gnolls,
          serial_park_tiny_1

Skill      XL: |  1  2  3  4  5  6  7 |
---------------+----------------------+-----
Shields        | 3 4 |  4.4
Armour         | 3 4 5 |  5.0
Fighting       | 4 5 |  5.3
Dodging        | 1 |  1.9
Polearms       | |  1.5

Action                   |  1- 3 |  4- 6 |  7- 9 || total
-------------------------+-------+-------+-------++-------
Melee: Trident           |   125 |    38 |       ||   163
       War axe           |       |   112 |    27 ||   139
Armor: Scale mail        |    53 |    38 |       ||    91
       Chain mail        |       |    19 |       ||    19
       Plate armour      |       |    14 |    23 ||    37
Dodge: Dodged            |    49 |    51 |     4 ||   104
Block: Buckler           |    16 |    26 |       ||    42
       Kite shield       |       |    28 |    14 ||    42
